 Dungeon Crawl Stone Soup version 0.15.2 (webtiles) character file.

800 the1qrp the Shield-Bearer (level 7, -1/60 HPs)
             Began as a Minotaur Fighter on May 8, 2015.
             Was a Believer of Zin.
             Slain by an orc warrior
             ... wielding a +0 dire flail
              (8 damage)
             ... on Level 6 of the Dungeon.
             The game lasted 00:53:26 (5491 turns).

the1qrp the Shield-Bearer (Minotaur Fighter)        Turns: 5491, Time: 00:53:26

HP  -1/60        AC 10     Str 23      XL: 7   Next: 59%
MP   3/3         EV  7     Int  5      God: Zin [**....]
Gold 225         SH 14     Dex  9      Spells:  0 memorised,  6 levels left

rFire  . . .     SeeInvis .     a - +3 long sword
rCold  . . .     Clarity  .     b - +0 scale mail
rNeg   + . .     rCorr    .     c - +3 shield
rPois  +         rRot     .     (helmet restricted)
rElec  .         Spirit   .     B - +0 cloak
SustAb .         Warding  .     s - +0 pair of gloves
rMut   .         Stasis   .     (no boots)
Gourm  .                        (no amulet)
MR     .....                    v - ring of positive energy
                                r - ring of poison resistance

@: hasted, very quick, not resistant to hostile enchantments, extremely
unstealthy
A: retaliatory headbutt, horns 2
a: Recite, Vitalisation, Renounce Religion


You were on level 6 of the Dungeon.
You worshipped Zin.
Zin was pleased with you.
You were not hungry.

You visited 2 branches of the dungeon, and saw 7 of its levels.

You collected 250 gold pieces.
You donated 25 gold pieces to Zin.

Inventory:

Hand weapons
 a - a +3 long sword (weapon)
 q - a +0 greatsling
 y - a +0 hunting sling
Missiles
 C - 32 sling bullets (quivered)
Armour
 b - a +0 scale mail (worn)
 c - a +3 shield (worn)
 s - a +0 pair of gloves (worn)
 B - a +0 cloak (worn)
 D - the +2 helmet of the Iron Devil {Slay+4, unknown}
   (You found it on level 5 of the Dungeon)

   It affects your accuracy and damage with ranged weapons and melee attacks
   (+4).
Magical devices
 w - a wand of magic darts (24) {unknown}
 F - a wand of fireball (2)
 I - a wand of flame (24) {unknown}
Comestibles
 d - a bread ration
 m - 4 fruits
 A - a slice of pizza
Scrolls
 e - a scroll of enchant armour
 h - 2 scrolls of teleportation
 p - a scroll of remove curse
Jewellery
 k - an uncursed ring of protection from fire
 r - a ring of poison resistance (left hand)
 v - a ring of positive energy (right hand)
Potions
 f - a potion of brilliance
 g - 3 potions of agility
 j - a potion of flight {unknown}
 l - a potion of restore abilities
 n - 2 potions of invisibility
 o - 2 potions of cancellation
 x - a potion of confusion {unknown}
 z - a potion of curing {unknown}
 G - a potion of degeneration
Magical staves
 t - an uncursed staff of air
 u - an uncursed staff of wizardry


   Skills:
 + Level 4.9 Fighting
 * Level 4.4 Long Blades
 + Level 5.9 Armour
 + Level 3.2 Dodging
 + Level 0.1 Stealth
 * Level 7.3 Shields


You had 6 spell levels left.
You didn't know any spells.

Dungeon Overview and Level Annotations

Branches:
Dungeon (6/15)             Temple (1/1) D:5

Altars:
Ashenzari
Cheibriados
Dithmenos
Elyvilon
Fedhas
Kikubaaqudgha
Makhleb
Okawaru
Qazlal
Sif Muna
Trog
Vehumet
Zin

Shops:
D:4 [*(:[


Innate Abilities, Weirdness & Mutations

You reflexively headbutt those who attack you in melee.
You have a pair of horns on your head.


Message History

You hit the worker ant but do no damage.
You headbutt the worker ant.
The worker ant is lightly wounded.
You block the worker ant's attack. You block the orc warrior's attack.
You hit the worker ant.
The worker ant is moderately wounded.
You block the worker ant's attack.
The orc warrior hits you with a dire flail.
* * * LOW HITPOINT WARNING * * *
The worker ant closely misses you.
You hit the worker ant. You headbutt the worker ant!
You kill the worker ant!
The orc warrior hits you with a dire flail.
* * * LOW HITPOINT WARNING * * *
The orc warrior hits you with a dire flail!
* * * LOW HITPOINT WARNING * * *
You see here a worker ant corpse.
You feel yourself speed up.
The orc warrior hits you with a dire flail!
You die...

#.##.....[... ####
#.........<.[ ##..##
####......... ##....##
##......... ##......##
#..######..
#........###.#########
#........##...........
#...o..###...########
#..@.).##.#.# # #
##..##....#.# ##...#
##.##...##.. ......
#.##.#..######....
#.#..##..# #....
#....# #... #....
#..... ##.. .....
#...<. #. .... #.....
...


You could see an orc warrior.

Vanquished Creatures
  2 phantoms
  A centaur (D:5)
  A crimson imp (D:5)
  A goliath beetle (D:6)
  A hound (D:4)
  2 orc wizards (D:6)
  A giant frog skeleton (D:4)
  6 worker ants
  A big kobold zombie (D:6)
  8 adders
  2 giant mites
  2 shadow imps
  4 worms
  3 giant geckos
  An ooze (D:3)
  5 orcs
  3 giant cockroaches
  10 goblins
  7 hobgoblins
  9 jackals
  A ball python (D:2)
  8 bats
  3 giant newts
  10 kobolds
  2 orc skeletons
  8 rats
  A rat skeleton (D:4)
103 creatures vanquished.

Notes
Turn   | Place    | Note
--------------------------------------------------------------
     0 | D:1      | the1qrp, the Minotaur Fighter, began the quest for the Orb.
     0 | D:1      | Reached XP level 1. HP: 19/19 MP: 1/1
    98 | D:1      | Reached XP level 2. HP: 24/27 MP: 1/1
   211 | D:1      | Reached skill level 4 in Fighting
   636 | D:1      | Reached XP level 3. HP: 30/33 MP: 2/2
  1180 | D:2      | Found a white marble altar of Elyvilon.
  1188 | D:2      | Reached XP level 4. HP: 40/40 MP: 2/2
  1217 | D:2      | Became a worshipper of Elyvilon the Healer
  2011 | D:3      | Reached skill level 1 in Dodging
  2214 | D:3      | Reached XP level 5. HP: 43/47 MP: 2/2
  2401 | D:3      | Found a shattered altar of Ashenzari.
  2932 | D:4      | Found Soisient's Antique Weapon Emporium.
  2938 | D:4      | Found Praqea Fuqeg's Antique Armour Emporium.
  2993 | D:4      | Reached skill level 5 in Shields
  2999 | D:4      | Reached skill level 5 in Armour
  3084 | D:4      | Found Throruohe's Antique Armour Boutique.
  3332 | D:4      | Noticed a phantom
  3363 | D:4      | Killed a phantom
  3363 | D:4      | Reached XP level 6. HP: 32/53 MP: 3/3
  3378 | D:4      | Found Schoniqyu's Book Emporium.
  3646 | D:4      | Found Usueqa's Assorted Antiques.
  3730 | D:5      | Entered Level 5 of the Dungeon
  3794 | D:5      | Found a staircase to the Ecumenical Temple.
  3817 | Temple   | Entered the Ecumenical Temple
  3931 | Temple   | Fell from the grace of Elyvilon
  3931 | Temple   | Became a worshipper of Zin the Law-Giver
  3931 | Temple   | Acquired Zin's first power
  4024 | D:5      | Got an ichor-stained helmet
  4032 | D:5      | Reached skill level 6 in Shields
  4111 | D:5      | Found a radiant altar of Vehumet.
  4505 | D:5      | Reached XP level 7. HP: 22/60 MP: 3/3
  4805 | D:5      | Acquired Zin's second power
  4852 | D:6      | Found a stormy altar of Qazlal.
  4929 | D:6      | Zin protects you from harm!
  4956 | D:6      | HP: 2/60 [phantom (4)]
  5036 | D:6      | Reached skill level 7 in Shields
  5191 | D:6      | Found a snail-covered altar of Cheibriados.
  5491 | D:6      | Slain by an orc warrior

Action                   |  1- 3 |  4- 6 |  7- 9 || total
-------------------------+-------+-------+-------++-------
Melee: Long sword        |    66 |   198 |    88 ||   352
Throw: Throwing net      |     3 |       |       ||     3
Evoke: Wand              |       |     1 |       ||     1
  Use: Scroll            |     2 |     6 |    13 ||    21
       Potion            |       |       |     4 ||     4
  Eat: Meat ration       |     1 |       |     1 ||     2
       Bread ration      |       |     2 |       ||     2
